 Dungeon Crawl Stone Soup version 0.29.0-7-g18a832c13a (webtiles) character file.

Game seed: 7668288786680376948

2837249 Arex the Wrestler (level 27, 249/249 HPs)
             Began as a Naga Fighter on Aug 31, 2022.
             Was a High Priest of Cheibriados.
             Escaped with the Orb
             ... and 5 runes!
             The game lasted 03:14:46 (80853 turns).

Arex the Wrestler (Naga Fighter)                   Turns: 80853, Time: 03:14:47

Health: 249/249    AC: 50    Str: 41    XL:     27
Magic:  37/37      EV: 14    Int: 18    God:    Cheibriados [*****.]
Gold:   3806       SH: 32    Dex: 26    Spells: 26/26 levels left

rFire   + + .      SeeInvis +     - Unarmed
rCold   + . .      Faith    .   W - +1 tower shield {AC+3}
rNeg    . . .      Spirit   .   Y - +4 gold dragon scales
rPois   +          Reflect  +   (no helmet)
rElec   .          Harm     .   w - +5 cloak "Xezykkom" {Regen+}
rCorr   .          Rampage  .   H - +0 pair of gloves
Will    ++++.                   K - +2 barding "Anohu" {rF+ Int-4 Dex+5}
Stlth   ..........              n - amulet of reflection
HPRegen 1.31/turn               C - +4 ring of slaying
MPRegen 0.25/turn               h - ring of willpower

@: studying 5 skills, very slow
A: AC +9, large, see invisible, deformed body, poison resistance, slowness 2,
spit poison 1, naga tail 2, clumsy 2, frail 1, screaming 1, subdued magic 1
0: Orb of Zot
}: 5/15 runes: serpentine, barnacled, slimy, silver, abyssal
a: Spit Poison, Renounce Religion, Bend Time, Temporal Distortion, Slouch, Step
From Time


You escaped.
You worshipped Cheibriados.
Cheibriados was extremely pleased with you.
You visited 10 branches of the dungeon, and saw 52 of its levels.
You visited the Abyss 1 time.
You visited 1 bazaar.
You also visited: Trove, Gauntlet and Ice Cave.

You collected 6850 gold pieces.
You spent 3044 gold pieces at shops.

Inventory:

Missiles
 O - 6 throwing nets
Armour
 e - a +1 helmet of intelligence
 u - a scarf of resistance
 w - the +5 cloak "Xezykkom" (worn) {Regen+}
   (You bought it in a shop on level 3 of the Dungeon)

   Regen:     It increases your rate of health regeneration.
 H - a +0 pair of gloves (worn)
 K - the +2 barding "Anohu" (worn) {rF+ Int-4 Dex+5}
   (You acquired it on level 1 of the Snake Pit)

   Int:       It affects your intelligence (-4).
   Dex:       It affects your dexterity (+5).
   rF:        It protects you from fire.
 W - a +1 tower shield of protection (worn)
 Y - +4 gold dragon scales (worn)
Jewellery
 a - the ring "Waluvved" {Ice rN++ rCorr Str+2 Stlth-}
   (You found it on level 5 of the Pits of Slime)

   [ring of ice]

   It enhances your ice magic.
   Str:       It affects your strength (+2).
   rF:        It makes you vulnerable to fire.
   rC:        It protects you from cold.
   rN:        It greatly protects you from negative energy.
   rCorr:     It protects you from acid and corrosion.
   Stlth:     It makes you less stealthy.
 h - a ring of willpower (right hand)
 n - an amulet of reflection (around neck)
 r - a +6 ring of intelligence
 x - a +4 ring of protection
 C - a +4 ring of slaying (left hand)
 F - a ring of flight
 R - the amulet of Rioxtyal {Spirit Will+ Dex+4}
   (You found it in a Gauntlet)

   [amulet of guardian spirit]

   It causes incoming damage to be divided between your reserves of health and
   magic.
   Dex:       It affects your dexterity (+4).
   Will:      It increases your willpower.
 X - a ring of protection from fire
 Z - a ring of protection from cold
Wands
 j - a wand of roots (32)
 m - a wand of digging (13)
 y - a wand of paralysis (24)
 D - a wand of mindburst (23)
 E - a wand of flame (21)
 T - a wand of acid (15)
Scrolls
 b - 4 scrolls of silence
 d - 19 scrolls of teleportation
 f - a scroll of amnesia
 p - 11 scrolls of immolation
 q - a scroll of magic mapping
 s - 6 scrolls of blinking
 t - 7 scrolls of fog
 z - 12 scrolls of vulnerability
 U - 6 scrolls of fear
 V - 4 scrolls of poison
Potions
 g - 9 potions of lignification
 i - 5 potions of flight
 k - 8 potions of cancellation
 o - 26 potions of curing
 v - 3 potions of resistance
 A - 4 potions of ambrosia
 I - 2 potions of berserk rage
 J - 3 potions of magic
 L - 6 potions of might
 M - 8 potions of mutation
 N - a potion of invisibility
 P - 10 potions of attraction
Miscellaneous
 c - a phantom mirror


   Skills:
 + Level 21.9 Fighting
 + Level 18.7 Armour
 + Level 14.5 Dodging
 * Level 23.2 Shields
 + Level 24.7 Unarmed Combat
 - Level 20.0 Invocations


You had 26 spell levels left.
You didn't know any spells.
Your spell library contained the following spells:

 Spells                   Type           Power      Damage    Failure   Level
 Apportation              Tloc           0%         N/A       86%         1
 Freeze                   Ice            0%         1d3       86%         1
 Magic Dart               Conj           0%         1d3       86%         1
 Necrotise                Necr           0%         1d4       86%         1
 Sandblast                Erth           0%         2d4       86%         1
 Shock                    Conj/Air       0%         1d3       86%         1
 Slow                     Hex            0%         N/A       86%         1
 Call Imp                 Summ           0%         N/A       94%         2
 Ensorcelled Hibernation  Hex/Ice        0%         N/A       94%         2
 Passwall                 Tmut/Erth      0%         N/A       94%         2
 Scorch                   Fire           0%         2d5       94%         2
 Sublimation of Blood     Necr           0%         N/A       94%         2
 Confusing Touch          Hex            0%         N/A       99%         3
 Dazzling Flash           Conj/Hex       0%         N/A       99%         3
 Frozen Ramparts          Ice            0%         1d1       99%         3
 Gell's Gravitas          Tloc           0%         N/A       99%         3
 Ignite Poison            Fire/Tmut/Pois 0%         N/A       99%         3
 Lesser Beckoning         Tloc           0%         N/A       99%         3
 Mephitic Cloud           Conj/Pois/Air  0%         N/A       99%         3
 Ozocubu's Armour         Ice            0%         N/A       99%         3
 Spider Form              Tmut/Pois      0%         N/A       99%         3
 Stone Arrow              Conj/Erth      0%         3d7       99%         3
 Summon Guardian Golem    Hex/Summ       0%         N/A       99%         3
 Swiftness                Air            0%         N/A       99%         3
 Teleport Other           Tloc           0%         N/A       99%         3
 Vampiric Draining        Necr           0%         2d6       99%         3
 Airstrike                Air            0%         2d(0-16)  100%        4
 Anguish                  Hex/Necr       0%         N/A       100%        4
 Animate Armour           Summ/Erth      0%         N/A       100%        4
 Animate Dead             Necr           0%         N/A       100%        4
 Cause Fear               Hex            0%         N/A       100%        4
 Dispel Undead            Necr           0%         3d6       100%        4
 Flame Wave               Conj/Fire      0%         2d4       100%        4
 Fulminant Prism          Conj/Hex       0%         3d6       100%        4
 Hailstorm                Conj/Ice       0%         3d3       100%        4
 Iskenderun's Mystic Bla  Conj/Tloc      0%         2d3       100%        4
 Leda's Liquefaction      Hex/Erth       0%         N/A       100%        4
 Olgreb's Toxic Radiance  Pois           0%         N/A       100%        4
 Petrify                  Tmut/Erth      0%         N/A       100%        4
 Sticky Flame             Conj/Fire      0%         2d3       100%        4
 Summon Ice Beast         Ice/Summ       0%         N/A       100%        4
 Summon Lightning Spire   Summ/Air       0%         N/A       100%        4
 Agony                    Necr           0%         N/A       100%        5
 Alistair's Intoxication  Tmut/Pois      0%         N/A       100%        5
 Borgnjor's Vile Clutch   Necr/Erth      0%         N/A       100%        5
 Freezing Cloud           Conj/Ice/Air   0%         6-21      100%        5
 Irradiate                Conj/Tmut      0%         3d11      100%        5
 Iskenderun's Battlesphe  Conj           0%         2d6       100%        5
 Lee's Rapid Deconstruct  Erth           0%         3d5*      100%        5
 Lightning Bolt           Conj/Air       0%         1d11      100%        5
 Manifold Assault         Tloc           0%         N/A       100%        5
 Metabolic Englaciation   Hex/Ice        0%         N/A       100%        5
 Silence                  Hex/Air        0%         N/A       100%        5
 Summon Forest            Summ/Tloc      0%         N/A       100%        5
 Summon Mana Viper        Hex/Summ       0%         N/A       100%        5
 Conjure Ball Lightning   Conj/Air       0%         3x3d6     100%        6
 Dispersal                Tloc           0%         N/A       100%        6
 Eringya's Noxious Bog    Tmut/Pois      0%         N/A       100%        6
 Iron Shot                Conj/Erth      0%         9d1       100%        6
 Statue Form              Tmut/Erth      0%         N/A       100%        6
 Summon Cactus Giant      Summ           0%         N/A       100%        6
 Dragon Form              Tmut           0%         N/A       100%        7
 Haunt                    Necr/Summ      0%         N/A       100%        7
 Ozocubu's Refrigeration  Ice            0%         4d7       100%        7
 Borgnjor's Revivificati  Necr           0%         N/A       100%        8
 Ignition                 Fire           0%         3d3       100%        8
 Infestation              Necr           0%         N/A       100%        8
 Lehudib's Crystal Spear  Conj/Erth      0%         10d2      100%        8
 Chain Lightning          Conj/Air       0%         N/A       100%        9
 Dragon's Call            Summ           0%         N/A       100%        9
 Fire Storm               Conj/Fire      0%         5d1       100%        9
 Shatter                  Erth           0%         3d5*      100%        9


Dungeon Overview and Level Annotations

Branches:
Dungeon (15/15)            Temple (0/1) D:7            Lair (5/5) D:9
 Shoals (4/4) Lair:2        Snake (4/4) Lair:2        Slime (5/5) Lair:5
    Orc (2/2) D:10            Elf (3/3) Orc:2        Vaults (5/5) D:14
  Crypt (0/3) Vaults:3     Depths (4/4) D:15            Zot (5/5) Depths:4
  IceCv (visited)         Gauntlet (visited)

Altars:
Cheibriados
Nemelex Xobeh
Okawaru
Sif Muna
Uskayaw
Xom

Shops:
D:3 *[[[[   D:7 !   Orc:2 [*(:?   Elf:2 (   Shoals:1 ***   Shoals:3 *
Snake:2 [   Vaults:5 ([   Depths:3 =   Depths:4 (

Portals:
Hell: Depths:1 Depths:2 Depths:3 Depths:4
Abyss: Depths:3 Depths:4
Pandemonium: Depths:2 Depths:3
Ziggurat: Depths:3

Annotations:
D:5 1 runed translucent door, Crazy Yiuf
D:6 1 runed translucent door, Iusername's ghost, novice MiFi
D:11 1 runed translucent door, Astivus's ghost, journeyman DrBr
Lair:3 2 transporters, themarg's ghost, journeyman TeCj
Lair:5 1 runed translucent door, Gurantaxtaxq's ghost, journeyman TeAE
Shoals:2 3 runed translucent doors, KappaVara's ghost, adept DsFi
Snake:3 Roxanne
Orc:1 2 runed translucent doors, xian's ghost, adept HOBe
Depths:2 1 runed translucent door, xzight's ghost, legendary MiBe
Depths:3 1 transporter, 6 runed translucent doors, 4 exclusions, Himmaryad's ghost, adept TrMo


Innate Abilities, Weirdness & Mutations

Your serpentine skin is tough. (AC +9)
You have supernaturally acute eyesight. (SInv)
Armour fits poorly on your strangely shaped body.
Your system is resistant to poisons. (rPois)
You cover ground very slowly.
You can spit poison.
You can use your snake-like lower body to constrict enemies.
You are very clumsy. (Dex -4)
You are frail. (-10% HP)
You occasionally shout uncontrollably at your foes.
Your spells are a little easier to cast, but a little less powerful.


Message History

The Executioner is lightly wounded.
You constrict the Executioner, but do no damage.
You block the Executioner's attack. The Executioner barely misses you.
The Executioner hits you but does no damage.
You pummel the Executioner!!
The Executioner is heavily wounded.
You constrict the Executioner. You block the Executioner's attack. x3
You pummel the Executioner!!
The Executioner is almost dead.
You constrict the Executioner.
The Executioner gestures.
The Executioner seems to speed up.
You block the Executioner's attack.
The Executioner hits you but does no damage.
You block the Executioner's attack.
You hit the Executioner but do no damage.
The Executioner is almost dead.
You constrict the Executioner!
You kill the Executioner!
Cheibriados thoroughly appreciates the change of pace.
A large abomination comes into view.
You block the large abomination's attack.
You hit the large abomination. You grab the large abomination.
The large abomination is lightly damaged.
You constrict the large abomination, but do no damage.
You block the large abomination's attack.
You hit the large abomination but do no damage.
The large abomination is lightly damaged.
You constrict the large abomination! You hit the large abomination.
The large abomination is moderately damaged.
You constrict the large abomination! You punch the large abomination!
The large abomination is severely damaged.
You constrict the large abomination.
You block the large abomination's attack.
You pulverise the large abomination!!!
You destroy the large abomination!
Cheibriados appreciates the change of pace.
There is a staircase leading out of the dungeon here.
You have escaped!

#.# #......# #.# #......# #.#
######......##### #.#
#...............####
#.########.####......###.....
#............................
#.......................#.(..
#...#################..##....
#...#≈§≈≈§≈≈@≈§§≈§≈§#..######
#...#≈≈≈≈§§§.≈§≈§≈≈≈#..#
#...#≈≈≈≈.......≈≈≈≈#..#
#...#≈≈...........≈≈#..#
#...#§.............≈#..#
#...#≈.............≈#..#
#...###..8.###.8..###..#
#...#o#...........#o#..#
#...#######'''#######..#


You could see 2 orcs.

Vanquished Creatures
  Dissolution (Slime:4)
  the Royal Jelly (Slime:5)
  6 dread liches
  5 orbs of fire
  3 ancient liches
  A juggernaut (Zot:5)
  Vv (Zot:3)
  2 Killer Klowns
  Saint Roka (Vaults:4)
  5 caustic shrikes (Depths:4)
  13 golden dragons
  A profane servitor (Abyss:3)
  A bone dragon (Abyss:3)
  A Tzitzimitl (Depths:2)
  18 tentacled monstrosities
  3 electric golems
  25 Orb Guardians (Zot:5)
  Rupert (D:12)
  7 quicksilver dragons
  A deep elf blademaster (Elf:2)
  3 titans (Vaults:5)
  6 tentacled starspawn
  14 death cobs
  Gastronok (Lair:3)
  14 acid blobs
  9 sphinxes
  An Executioner (D:1)
  9 shadow dragons
  A fenstrider witch (Zot:5)
  7 tengu reavers
  8 draconian monks
  2 nagarajas
  17 storm dragons
  9 rockslimes
  9 azure jellies
  2 draconian knights
  21 vault wardens
  5 fire giants
  6 iron dragons
  4 orc warlords
  A cacodemon (Abyss:3)
  5 frost giants
  A balrug (D:12)
  2 ghost moths
  7 draconian scorchers
  2 deep elf sorcerers
  4 draconian shifters
  2 draconian stormcallers
  24 ironbound preservers
  2 reapers (IceCv)
  A juggernaut zombie (Depths:1)
  7 quicksilver oozes
  23 very ugly things
  2 spriggan defenders (Depths:2)
  A broodmother (shapeshifter) (Vaults:4)
  7 stone giants
  The ghost of Jiecrehi the Severer, a journeyman DDFi of Makhleb (D:15)
  2 draconian annihilators
  2 deep elf demonologists (Vaults:5)
  4 war gargoyles
  10 black draconians
  2 lorocyprocas
  A minotaur (Gauntlet)
  12 dire elephants
  6 red draconians
  2 vampire knights
  9 green draconians
  5 purple draconians
  2 entropy weavers (Vaults:1)
  6 white draconians
  8 yellow draconians
  14 spark wasps
  A blizzard demon (D:14)
  A green death (D:1)
  A crystal guardian (Vaults:4)
  16 fire dragons
  5 ettins
  A deep elf death mage (Elf:2)
  7 merfolk impalers
  5 merfolk javelineers
  5 deep elf high priests
  8 great orbs of eyes
  19 yaktaur captains
  A salamander tyrant (Snake:4)
  5 catoblepae
  39 vault guards
  2 hell beasts
  14 hydras
  An ogre mage (Vaults:5)
  Erica (Orc:1)
  A quicksilver dragon skeleton (Vaults:3)
  4 boulder beetles
  3 peacekeepers
  8 ice dragons
  2 spriggan air magi (Depths:3)
  15 ironbound frosthearts
  3 merfolk avatars
  6 anacondas
  4 alligator snapping turtles
  8 two-headed ogres
  12 naga warriors
  14 centaur warriors
  24 dancing weapons
  6 satyrs
  4 merfolk aquamancers
  A vampire mage (Depths:4)
  A death scarab (Gauntlet)
  3 death yaks
  7 deep troll earth magi
  12 deep troll shamans
  3 orc high priests (Orc:2)
  3 thrashing horrors (Abyss:3)
  6 spriggan berserkers
  2 tengu warriors
  2 spriggans (Depths:2)
  5 hell knights
  3 sun demons
  13 shock serpents
  A soul eater (Gauntlet)
  6 naga sharpshooters
  21 deep elf knights
  5 wretched stars (Abyss:3)
  10 iron trolls
  Sonja (D:11)
  A titan skeleton (Vaults:4)
  8 salamander mystics
  A sixfirhy (D:6)
  20 skeletal warriors
  A goliath frog (shapeshifter) (Vaults:5)
  19 sea snakes
  3 swamp dragons (Abyss:3)
  A flayed ghost (Vaults:5)
  73 deep trolls
  6 wizards
  7 glowing orange brains
  2 spriggan simulacra (IceCv)
  An obsidian statue (IceCv)
  19 ironbound convokers
  10 lindwurms
  A golden dragon skeleton (D:15)
  A shadow demon (Depths:2)
  19 deep elf archers
  26 deep elf pyromancers
  10 mana vipers
  A naga ritualist (Snake:1)
  19 deep elf zephyrmancers
  3 phantasmal warriors
  A tengu zombie (Depths:2)
  32 harpies
  5 necromancers
  9 orc knights
  9 orc sorcerers
  2 sphinx skeletons
  8 shining eyes
  5 cyclopes
  19 manticores
  2 shadow dragon skeletons
  A fire giant zombie (D:15)
  15 salamanders
  2 worldbinders (Abyss:3)
  26 fauns
  31 moths of wrath
  36 ugly things
  2 wolf spiders
  9 guardian serpents
  A stone giant skeleton (Vaults:3)
  18 vault sentinels
  2 eyes of devastation
  3 ice statues (Elf:3)
  6 merfolk sirens
  Joseph (D:8)
  10 elephants
  A frost giant skeleton (Vaults:3)
  A smoke demon (Depths:3)
  3 water nymphs
  29 black mambas
  Maurice (Orc:2)
  13 naga magi
  6 gargoyles
  Maggie (Lair:1)
  A rust devil (D:1)
  A minotaur zombie (Gauntlet)
  2 orange demons (Depths:3)
  A hellion (Abyss:3)
  13 cane toads
  6 rime drakes
  2 kobold demonologists
  26 yaktaurs
  10 freezing wraiths
  A tormentor (Zot:4)
  2 golden dragon simulacra
  7 komodo dragons
  2 unseen horrors
  3 ancient zymes (Abyss:3)
  2 hellwings
  A red devil (Depths:3)
  4 tengu conjurers
  5 ice devils (IceCv)
  An anaconda simulacrum (IceCv)
  8 wind drakes
  3 meliai (D:14)
  2 polar bears (Lair:5)
  16 trolls
  A merfolk (shapeshifter) (Vaults:4)
  24 merfolk
  5 hornets
  14 blink frogs
  3 raiju (Abyss:3)
  A tarantella (Vaults:1)
  4 dream sheep (Shoals:3)
  112 slime creatures
  5 snapping turtles (Shoals:3)
  A spriggan zombie (D:15)
  A raiju (shapeshifter) (D:10)
  A human simulacrum (Vaults:1)
  A flying skull (Abyss:3)
  4 shadows
  Sigmund (D:5)
  A culicivora (shapeshifter) (Depths:2)
  An ettin skeleton (Vaults:3)
  A vampire (D:14)
  4 wraiths (D:10)
  4 air elementals
  4 wyverns
  A ynoxinul (Abyss:2)
  2 fire elementals
  45 yaks
  An elf zombie (Vaults:4)
  A spectral komodo dragon (Gauntlet)
  17 water elementals
  2 basilisks
  A dire elephant simulacrum (IceCv)
  3 fire bats (Depths:3)
  A chaos spawn (Depths:3)
  3 redbacks
  A redback (shapeshifter) (Vaults:5)
  An elf skeleton (Vaults:3)
  11 golden eyes
  6 vampire mosquitoes (D:13)
  9 humans (D:14)
  Menkaure (D:5)
  5 minotaur simulacra (IceCv)
  A steam dragon (Lair:5)
  A harpy simulacrum (IceCv)
  35 nagas
  A swamp worm (shapeshifter) (Vaults:5)
  A hydra simulacrum (IceCv)
  3 wargs
  An acid dragon (D:15)
  13 water moccasins
  3 hell hounds (Elf:1)
  4 large abominations
  2 small abominations (Abyss:3)
  A floating eye (Depths:2)
  A sky beast (D:6)
  3 glowing shapeshifter skeletons
  An alligator simulacrum (IceCv)
  2 black bears
  32 orc warriors
  7 ogres
  An ettin simulacrum (IceCv)
  12 starcursed masses (Abyss:3)
  5 human skeletons (Vaults:3)
  11 wolves
  10 centaurs
  A phantom (D:5)
  6 kobold brigands
  Blork the orc (D:6)
  A human zombie (Vaults:4)
  10 bullfrogs
  A deep troll simulacrum (IceCv)
  5 necrophages
  7 earth elementals
  2 gnoll sergeants
  2 scorpions
  8 wights
  19 killer bees
  An orc simulacrum (Vaults:1)
  A floating eye simulacrum (Depths:1)
  2 howler monkeys (D:9)
  3 hounds
  4 jellies
  27 orc priests
  2 gnoll boudas
  6 iguanas
  36 orc wizards
  24 gnolls
  3 adders
  2 river rats (Lair:2)
  4 shadow imps (Gauntlet)
  3 white imps
  An ufetubus (D:6)
  A worm (D:3)
  2 dart slugs (D:1)
  95 orcs
  11 endoplasms
  3 giant cockroaches
  9 goblins
  13 hobgoblins
  6 quokkas
  4 ball pythons
  7 bats
  11 frilled lizards
  22 kobolds
  9 rats
  A lurking horror (Abyss:3)
  10 starspawn tentacles
2295 creatures vanquished.

Vanquished Creatures (collateral kills)
  A storm dragon (Zot:5)
  A draconian scorcher (Zot:5)
  A black draconian (Zot:5)
3 creatures vanquished.

Vanquished Creatures (others)
  A frost giant (Depths:3)
  A purple draconian (Zot:5)
  A peacekeeper (Vaults:3)
  A hydra (Elf:1)
  A deep elf knight (Elf:3)
  A deep elf archer (Elf:3)
  2 deep elf zephyrmancers (Elf:1)
  A deep elf pyromancer (Elf:3)
  A moth of wrath (Zot:4)
  A fire bat (Depths:3)
  A golden eye (Slime:5)
  A naga (Snake:1)
  A small abomination (Abyss:3)
  An orc wizard (Orc:2)
  33 fungi
  271 plants
  9 starspawn tentacles
  12 withered plants (D:15)
340 creatures vanquished.

Grand Total: 2638 creatures vanquished

Notes
Turn   | Place    | Note
-------+----------+-------------------------------------------
     0 | D:1      | Arex the Naga Fighter began the quest for the Orb.
     0 | D:1      | Reached XP level 1. HP: 21/21 MP: 1/1
   279 | D:1      | Reached XP level 2. HP: 27/28 MP: 2/2
   800 | D:1      | Reached XP level 3. HP: 22/34 MP: 3/3
  2167 | D:2      | Reached XP level 4. HP: 41/42 MP: 4/4
  3030 | D:3      | You fall into a shaft and drop 2 floors!
  3030 | D:5      | Entered Level 5 of the Dungeon
  3038 | D:5      | Noticed a necrophage
  3046 | D:5      | Noticed Sigmund
  3053 | D:5      | Killed Sigmund
  3054 | D:5      | Reached skill level 3 in Unarmed Combat
  3054 | D:5      | Reached XP level 5. HP: 50/50 MP: 5/5
  3054 | D:5      | Reached XP level 6. HP: 57/57 MP: 6/6
  3713 | D:4      | Got Jiep's Handbook of the Pyromaniac and the Welkin
  3787 | D:3      | Found Gippa's Antique Armour Boutique.
  3790 | D:3      | Found Zerchof's General Store.
  3828 | D:3      | Found Neull's Armour Shoppe.
  3937 | D:3      | Found Dyfro's Antique Armour Shop.
  3981 | D:3      | Found Aqyciuro's Antique Armour Shop.
  4210 | D:3      | Found a faded altar of an unknown god.
  4228 | D:3      | Found a faded altar of an unknown god.
  4507 | D:4      | Reached skill level 4 in Unarmed Combat
  4513 | D:4      | Reached XP level 7. HP: 63/66 MP: 7/7
  5565 | D:3      | Bought a crude cloak for 237 gold pieces
  5565 | D:3      | Identified the +5 cloak "Xezykkom" {Regen+} (You bought it
                  | in a shop on level 3 of the Dungeon)
  5711 | D:5      | Reached skill level 5 in Fighting
  5794 | D:5      | Noticed Menkaure
  5817 | D:5      | Killed Menkaure
  5818 | D:5      | Reached XP level 8. HP: 27/74 MP: 8/8
  6062 | D:5      | Found a snail-covered altar of Cheibriados.
  6062 | D:5      | Found an iron altar of Okawaru.
  6062 | D:5      | Found a sparkling altar of Nemelex Xobeh.
  6131 | D:5      | Became a worshipper of Cheibriados the Contemplative
  6277 | D:5      | Found a runed translucent door.
  6277 | D:5      | Noticed Crazy Yiuf
  6461 | D:6      | Reached skill level 5 in Shields
  6461 | D:6      | Reached skill level 5 in Unarmed Combat
  6461 | D:6      | Reached skill level 1 in Invocations
  6629 | D:6      | Reached * piety under Cheibriados
  6640 | D:6      | Identified the +6 quarterstaff "Taudgh" {flame, MP-9 Str+9
                  | Dex-5}
  6837 | D:6      | Noticed Blork the orc
  6848 | D:6      | Reached skill level 5 in Armour
  6850 | D:6      | Killed Blork the orc
  6858 | D:6      | Reached XP level 9. HP: 82/82 MP: 9/11
  7269 | D:6      | Found a runed translucent door.
  7283 | D:6      | Noticed Iusername's ghost (novice MiFi)
  7523 | D:3      | Bought a scroll of vulnerability for 52 gold pieces
  7629 | D:7      | Reached skill level 6 in Unarmed Combat
  7755 | D:7      | Reached ** piety under Cheibriados
  7854 | D:7      | Found Tususk's Distillery.
  7870 | D:7      | Bought 2 potions of brilliance for 80 gold pieces
  7870 | D:7      | Bought a potion of heal wounds for 50 gold pieces
  8763 | D:7      | Found a staircase to the Ecumenical Temple.
  8925 | D:8      | Noticed a gargoyle
  8967 | D:8      | Noticed Joseph
  8972 | D:8      | Killed Joseph
  9071 | D:8      | Reached XP level 10. HP: 84/94 MP: 13/13
  9165 | D:8      | Reached skill level 5 in Invocations
  9216 | D:8      | Reached *** piety under Cheibriados
  9281 | D:8      | Reached skill level 7 in Unarmed Combat
  9603 | D:7      | Bought a potion of curing for 30 gold pieces
 10086 | D:9      | Found a staircase to the Lair.
 10086 | D:9      | Noticed a death yak
 10090 | D:9      | Noticed a death yak
 10090 | D:9      | Noticed a death yak
 10115 | D:8      | Killed a death yak
 10220 | D:9      | Killed a death yak
 10237 | D:9      | Killed a death yak
 10238 | D:9      | Reached XP level 11. HP: 56/104 MP: 15/15
 10263 | D:8      | Reached skill level 8 in Unarmed Combat
 10315 | D:9      | Reached **** piety under Cheibriados
 11057 | D:3      | Bought a pair of gloves for 112 gold pieces
 11201 | D:10     | Entered Level 10 of the Dungeon
 11202 | D:10     | Noticed a two-headed ogre
 11212 | D:10     | Killed a two-headed ogre
 11231 | D:10     | Noticed a two-headed ogre
 11291 | Lair:1   | Entered Level 1 of the Lair of Beasts
 11470 | Lair:1   | Noticed Maggie
 11492 | Lair:1   | Killed Maggie
 12559 | Lair:2   | Found a staircase to the Shoals.
 12722 | Lair:2   | Found a staircase to the Snake Pit.
 12737 | Lair:2   | Reached skill level 9 in Unarmed Combat
 12763 | Lair:2   | Noticed a five-headed hydra
 12775 | Lair:2   | Killed a one-headed hydra
 12776 | Lair:2   | Reached XP level 12. HP: 115/115 MP: 18/18
 12892 | Lair:2   | Noticed a four-headed hydra
 12899 | Lair:2   | Killed a one-headed hydra
 13364 | Lair:3   | Noticed Gastronok
 13423 | Lair:3   | Killed Gastronok
 13627 | Lair:3   | Reached skill level 10 in Fighting
 13710 | Lair:3   | Found a transporter.
 13872 | Lair:3   | Noticed themarg's ghost (journeyman TeCj)
 13875 | Lair:3   | Noticed a catoblepas
 13878 | Lair:3   | Found a transporter.
 14464 | Lair:4   | Reached skill level 10 in Unarmed Combat
 14469 | Lair:4   | Reached ***** piety under Cheibriados
 14672 | Lair:4   | Gained mutation: You can use your snake-like lower body to
                  | constrict enemies. [Naga growth]
 14672 | Lair:4   | Reached XP level 13. HP: 118/124 MP: 20/20
 15060 | Lair:5   | Entered Level 5 of the Lair of Beasts
 15346 | Lair:4   | Reached skill level 10 in Invocations
 15802 | Lair:5   | Reached skill level 10 in Shields
 16124 | Lair:5   | Reached ****** piety under Cheibriados
 16390 | Lair:5   | Found a runed translucent door.
 16408 | Lair:5   | Noticed Gurantaxtaxq's ghost (journeyman TeAE)
 16447 | Lair:5   | Found a staircase to the Slime Pits.
 16501 | Lair:5   | Reached skill level 11 in Unarmed Combat
 17046 | Lair:5   | Identified the +7 rapier of Suicidal Tendencies {vamp,
                  | Drain Str+6}
 17378 | D:9      | Reached XP level 14. HP: 124/135 MP: 22/22
 17864 | D:10     | Found a staircase to the Orcish Mines.
 18472 | Orc:1    | Entered Level 1 of the Orcish Mines
 18535 | D:10     | Reached skill level 10 in Armour
 18744 | Orc:1    | Found a large runed translucent door.
 18746 | Orc:1    | Found a large runed translucent door.
 18750 | Orc:1    | Noticed xian's ghost (adept HOBe)
 18907 | Orc:1    | Noticed Erica
 18913 | Orc:1    | Killed Erica
 19047 | Orc:2    | Entered Level 2 of the Orcish Mines
 19047 | Orc:2    | Noticed an orc warlord
 19058 | Orc:1    | Killed an orc warlord
 19087 | Orc:2    | Found Giunapna's Magic Scroll Emporium.
 19264 | Orc:2    | Noticed Maurice
 19268 | Orc:2    | Killed Maurice
 19597 | Orc:2    | Found a staircase to the Elven Halls.
 19669 | Orc:2    | Noticed an orc warlord
 19676 | Orc:2    | Killed an orc warlord
 19681 | Orc:2    | Reached skill level 12 in Unarmed Combat
 20263 | Orc:2    | Found Gippa's Antique Armour Shop.
 20264 | Orc:2    | Found Onaulufo's Antique Weapon Shop.
 20266 | Orc:2    | Found Gimickaari's General Store.
 20266 | Orc:2    | Found Huopoc's Book Boutique.
 20669 | D:11     | Reached XP level 15. HP: 146/146 MP: 24/24
 20723 | D:11     | Noticed Sonja
 20729 | D:11     | Killed Sonja
 20820 | D:11     | Found a runed translucent door.
 20822 | D:11     | Found a shimmering altar of Xom.
 20822 | D:11     | Noticed Astivus's ghost (journeyman DrBr)
 20827 | D:11     | Identified the +9 mace of Giukkoci {venom, rN++}
 21271 | Orc:2    | Bought a manual of Unarmed Combat for 1200 gold pieces
 21526 | D:12     | Noticed Rupert
 21537 | D:12     | Killed Rupert
 22644 | D:13     | Reached skill level 13 in Unarmed Combat
 22682 | D:13     | Found a gate leading to a gauntlet.
 22688 | Gauntlet | Entered a Gauntlet
 22688 | Gauntlet | Found a transporter.
 22688 | Gauntlet | Found a transporter.
 22710 | Gauntlet | Found a transporter.
 22711 | Gauntlet | Found a transporter.
 22718 | Gauntlet | Found a transporter.
 22718 | Gauntlet | Found the macabre finger necklace {rN+}
 22722 | Gauntlet | Found a transporter.
 22739 | Gauntlet | Found a transporter.
 22747 | Gauntlet | Found a transporter.
 22764 | Gauntlet | Found a transporter.
 22765 | Gauntlet | Found a transporter.
 22773 | Gauntlet | Found a transporter.
 22777 | Gauntlet | Found a transporter.
 22955 | Gauntlet | Identified the amulet of Rioxtyal {Spirit Will+ Dex+4}
 22967 | Gauntlet | Identified the +8 long sword of Dullness {speed, rPois rN+}
 24235 | D:14     | Reached skill level 1 in Dodging
 24679 | D:14     | Reached XP level 16. HP: 143/157 MP: 25/25
 24773 | D:14     | Found a gate to the Vaults.
 24807 | D:14     | Reached skill level 14 in Unarmed Combat
 24988 | D:15     | Entered Level 15 of the Dungeon
 25176 | D:15     | Found a transporter.
 25179 | D:15     | Noticed Jiecrehi's ghost (journeyman DDFi)
 25644 | D:15     | Found a staircase to the Depths.
 25812 | D:15     | Found a transporter.
 26471 | D:3      | Bought a runed helmet for 187 gold pieces
 26764 | Orc:2    | Bought a scroll of teleportation for 30 gold pieces
 27003 | Shoals:1 | Entered Level 1 of the Shoals
 27435 | Shoals:1 | Found Plog's Assorted Antiques.
 27437 | Shoals:1 | Found Keijayhu's General Store.
 27445 | Shoals:1 | Found Geusub's Specific Store.
 27856 | Shoals:2 | Identified the +5 leather armour of Zysuargh {rPois}
 28091 | Shoals:2 | Found a runed translucent gate.
 28091 | Shoals:2 | Found a runed translucent gate.
 28091 | Shoals:2 | Found a runed translucent gate.
 28092 | Shoals:2 | Noticed KappaVara's ghost (adept DsFi)
 28180 | Shoals:2 | Reached skill level 15 in Unarmed Combat
 28537 | Shoals:3 | Identified a scroll of acquirement
 28538 | Shoals:3 | Acquired a +2 barding of stealth
 28648 | Shoals:3 | Reached XP level 17. HP: 166/166 MP: 21/27
 28687 | Shoals:3 | Found Ofeon's CLEARANCE SALE!.
 28695 | Shoals:3 | Bought a scroll of poison for 16 gold pieces
 28695 | Shoals:3 | Bought a potion of curing for 12 gold pieces
 28798 | Shoals:3 | Identified the +2 lajatang "Alysar" {vorpal, MP+9 Dex+7}
 29352 | Shoals:3 | Reached skill level 5 in Dodging
 29724 | Shoals:4 | Entered Level 4 of the Shoals
 29834 | Shoals:4 | Identified the +7 dagger "Trog's Wrath" {drain, Str+5 Int+6
                  | Stlth+}
 30108 | Shoals:4 | Reached skill level 16 in Unarmed Combat
 30418 | Shoals:4 | Got a barnacled rune of Zot
 31188 | Orc:2    | Bought a scroll of blinking for 127 gold pieces
 31188 | Orc:2    | Bought a scroll of blinking for 127 gold pieces
 31188 | Orc:2    | Bought a scroll of teleportation for 51 gold pieces
 31188 | Orc:2    | Bought a scroll of teleportation for 51 gold pieces
 31387 | D:3      | Bought a scroll of magic mapping for 97 gold pieces
 31477 | D:7      | Bought a potion of might for 40 gold pieces
 31477 | D:7      | Bought a potion of might for 40 gold pieces
 31609 | Snake:1  | Entered Level 1 of the Snake Pit
 31609 | Snake:1  | You fall into a shaft and drop 1 floor!
 31871 | Snake:2  | Reached skill level 15 in Invocations
 32359 | Snake:2  | Reached XP level 18. HP: 120/177 MP: 29/29
 32891 | Snake:2  | Found Quibraet's Armour Shoppe.
 33586 | Snake:2  | Reached skill level 15 in Fighting
 33767 | Snake:1  | Reached skill level 17 in Unarmed Combat
 33975 | Snake:1  | Acquired the +2 barding "Anohu" {rF+ Int-4 Dex+5}
 34327 | Snake:1  | Identified the +0 leather armour of Tenacity {Int+7}
 34780 | Snake:3  | Noticed Roxanne
 34860 | Snake:3  | Found a hide-covered altar of Uskayaw.
 35508 | Snake:4  | Entered Level 4 of the Snake Pit
 37100 | Snake:4  | Reached XP level 19. HP: 153/188 MP: 19/31
 37109 | Snake:4  | Got a serpentine rune of Zot
 37569 | Vaults:1 | Entered Level 1 of the Vaults
 37627 | Vaults:1 | Reached skill level 18 in Unarmed Combat
 38044 | Vaults:1 | Found a portal to a secret trove of treasure.
 39367 | Vaults:2 | Reached skill level 15 in Shields
 40191 | Vaults:2 | Reached XP level 20. HP: 199/199 MP: 32/32
 41234 | Vaults:3 | Reached skill level 19 in Unarmed Combat
 41658 | Vaults:3 | Acquired a manual of Unarmed Combat
 42042 | Vaults:3 | Found a staircase to the Crypt.
 42427 | Vaults:4 | Reached XP level 21. HP: 156/208 MP: 33/33
 42849 | Vaults:4 | Noticed Saint Roka
 42868 | Vaults:4 | Killed Saint Roka
 43228 | Vaults:4 | Reached skill level 20 in Unarmed Combat
 43277 | Vaults:4 | Identified the +5 arbalest of Crusades {freeze, rElec rN+
                  | Int+3}
 43283 | Vaults:4 | Identified the +4 arbalest of Bodoes {speed, Drain Fly
                  | Str+3}
 43895 | Elf:1    | Entered Level 1 of the Elven Halls
 43903 | Elf:1    | Paralysed by an air elemental for 1 turns
 43909 | Elf:1    | Reached skill level 15 in Armour
 43916 | Elf:1    | Paralysed by an air elemental for 1 turns
 44698 | Elf:1    | Found a runed translucent gate.
 44698 | Elf:1    | Found a runed translucent gate.
 44698 | Elf:1    | Found a runed translucent gate.
 44698 | Elf:1    | Found a runed translucent gate.
 44698 | Elf:1    | Found a runed translucent gate.
 44699 | Elf:1    | Found a runed translucent gate.
 46137 | Depths:1 | Entered Level 1 of the Depths
 46187 | Depths:1 | Reached XP level 22. HP: 202/220 MP: 35/35
 46243 | D:15     | Killed Jiecrehi's ghost
 46257 | D:15     | Identified the ring of Napha {Ice rN+}
 46477 | D:7      | Bought a potion of heal wounds for 50 gold pieces
 46477 | D:7      | Bought a potion of mutation for 80 gold pieces
 46735 | Vaults:1 | You paid a toll of 13 potions of heal wounds to enter a
                  | treasure trove
 46736 | Trove    | Entered a treasure trove
 46758 | Trove    | Got Sif Muna's Papyrus of Enchanting Shadows
 46765 | Trove    | Got Heokaa's Atlas of Congregated Hurting
 46787 | Trove    | Got Sif Muna's Disquisition on Battle Magic and
                  | Mortification
 47747 | Depths:1 | Reached skill level 21 in Unarmed Combat
 47943 | Depths:1 | Identified the +0 scale mail of Elecuelu {Slay+3}
 48022 | Depths:1 | Found a shimmering blue altar of Sif Muna.
 48178 | Depths:1 | Found a gateway to Hell.
 48743 | Depths:2 | Found a runed translucent door.
 48748 | Depths:2 | Noticed xzight's ghost (legendary MiBe)
 49253 | Depths:2 | Found a one-way gate leading to the halls of Pandemonium.
 49570 | Depths:3 | Noticed Himmaryad's ghost (adept TrMo)
 49570 | Depths:3 | Identified the +0 great mace of the Pariah {vorpal, rPois
                  | Int+4 Dex+4}
 49570 | Depths:3 | Identified the +4 great mace "Xarrolikk" {freeze, Dex+2}
 49571 | Depths:3 | Found a transporter.
 50199 | Depths:3 | Found a runed translucent gate.
 50199 | Depths:3 | Found a runed translucent gate.
 50199 | Depths:3 | Found a runed translucent gate.
 50257 | Depths:3 | Noticed a golden dragon
 50288 | Depths:3 | Reached XP level 23. HP: 101/230 MP: 36/36
 50574 | Depths:3 | Found a one-way gateway to a ziggurat.
 50884 | Depths:3 | Reached skill level 22 in Unarmed Combat
 51087 | Depths:3 | Identified the +6 rapier of Dismay {venom, Will+}
 51095 | Depths:3 | Found Xona's Jewellery Shop.
 51248 | Depths:3 | Found a runed translucent gate.
 51248 | Depths:3 | Found a runed translucent gate.
 51248 | Depths:3 | Found a runed translucent gate.
 51435 | Depths:3 | Found a one-way gate to the infinite horrors of the Abyss.
 51616 | Depths:4 | Entered Level 4 of the Depths
 51625 | Depths:4 | Noticed a golden dragon
 52223 | Depths:4 | Found Yssyov's Antique Weapon Emporium.
 52348 | Depths:4 | Killed a golden dragon
 52495 | Depths:4 | Noticed a caustic shrike
 52495 | Depths:4 | Noticed a caustic shrike
 52495 | Depths:4 | Noticed a caustic shrike
 52495 | Depths:4 | Noticed a caustic shrike
 52496 | Depths:4 | Noticed a caustic shrike
 52498 | Depths:4 | Killed a caustic shrike
 52498 | Depths:4 | Killed a caustic shrike
 52498 | Depths:4 | Killed a caustic shrike
 52498 | Depths:4 | Killed a caustic shrike
 52498 | Depths:4 | Killed a caustic shrike
 52917 | Depths:4 | Found a gate to the Realm of Zot.
 53768 | Depths:3 | Bought a ring of protection from fire for 375 gold pieces
 54050 | Vaults:5 | Entered Level 5 of the Vaults
 54053 | Vaults:5 | Noticed a golden dragon
 54054 | Vaults:5 | Reached skill level 10 in Dodging
 54094 | Vaults:5 | Noticed a golden dragon
 54285 | Vaults:4 | Killed a golden dragon
 54432 | Vaults:4 | Killed a golden dragon
 54510 | Vaults:5 | Reached XP level 24. HP: 99/242 MP: 36/36
 54582 | Vaults:5 | Identified the ring of Hocal {Wiz Str+3}
 54929 | Vaults:5 | Noticed a dread lich
 54951 | Vaults:5 | Killed a dread lich
 54968 | Vaults:5 | Identified the +6 great mace of Kismet {drain, rElec rPois
                  | Str+3}
 55174 | Vaults:5 | Got a silver rune of Zot
 55232 | Vaults:5 | Noticed a dread lich
 55238 | Vaults:5 | Killed a dread lich
 55437 | Vaults:5 | Found Riseymm's Antique Weapon Shoppe.
 55811 | Vaults:5 | Found Itycepp's Armour Shoppe.
 56585 | Zot:1    | Entered Level 1 of the Realm of Zot
 56912 | Zot:1    | Reached skill level 23 in Unarmed Combat
 58123 | Zot:2    | Noticed a Killer Klown
 58123 | Zot:2    | a Killer Klown changed into a fire giant
 58130 | Zot:2    | Reached XP level 25. HP: 252/252 MP: 37/37
 59246 | Zot:3    | Identified the amulet of Xom's Sleight of Hands {Spirit
                  | Str+4}
 59428 | Zot:3    | Noticed Vv
 59439 | Zot:3    | Killed Vv
 59472 | Zot:3    | Noticed an ancient lich
 59473 | Zot:3    | Gained mutation: You sometimes lose your temper in combat.
                  | [mutagenic glow]
 59490 | Zot:3    | Paralysed by a Zot trap for 2 turns
 59497 | Zot:3    | Gained mutation: You are clumsy. (Dex -2) [mutagenic glow]
 59514 | Zot:3    | Gained mutation: You are occasionally teleported next to
                  | monsters. [mutagenic glow]
 59516 | Zot:3    | Gained mutation: You are frail. (-10% HP) [mutagenic glow]
 60104 | Zot:3    | Paralysed by a Zot trap for 2 turns
 60115 | Zot:3    | Killed an ancient lich
 60999 | Zot:4    | Noticed a Killer Klown
 61005 | Zot:4    | Killed a Killer Klown
 61226 | Zot:4    | Noticed an orb of fire
 61226 | Zot:4    | Gained mutation: You do not regenerate when monsters are
                  | visible. [an orb of fire]
 61236 | Zot:4    | Gained mutation: You occasionally lose the ability to read
                  | scrolls when taking damage. [an orb of fire]
 61244 | Zot:4    | Killed an orb of fire
 62850 | Slime:1  | Entered Level 1 of the Pits of Slime
 66189 | Slime:3  | Reached XP level 26. HP: 218/237 MP: 37/37
 66272 | Slime:3  | Gained mutation: You occasionally lose the ability to drink
                  | potions when taking damage. [a shining eye]
 67044 | Slime:5  | Entered Level 5 of the Pits of Slime
 67046 | Slime:5  | Lost mutation: You sometimes lose your temper in combat.
                  | [potion of mutation]
 67046 | Slime:5  | Lost mutation: You occasionally lose the ability to drink
                  | potions when taking damage. [potion of mutation]
 67046 | Slime:5  | Lost mutation: You occasionally lose the ability to read
                  | scrolls when taking damage. [potion of mutation]
 67046 | Slime:5  | Gained mutation: Your flesh is heat resistant. (rF+)
                  | [potion of mutation]
 67048 | Slime:5  | Lost mutation: Your flesh is heat resistant. (rF+) [potion
                  | of mutation]
 67048 | Slime:5  | Lost mutation: You are occasionally teleported next to
                  | monsters. [potion of mutation]
 67048 | Slime:5  | Lost mutation: You are clumsy. (Dex -2) [potion of
                  | mutation]
 67048 | Slime:5  | Gained mutation: You sometimes lose your temper in combat.
                  | [potion of mutation]
 67048 | Slime:5  | Gained mutation: Your magical capacity is low. (-10% MP)
                  | [potion of mutation]
 67048 | Slime:5  | Gained mutation: You are clumsy. (Dex -2) [potion of
                  | mutation]
 67154 | Slime:5  | Gained mutation: You can exhale a cloud of poison. [a
                  | shining eye]
 67558 | Slime:4  | Gained mutation: Your spells are a little easier to cast,
                  | but a little less powerful. [a shining eye]
 67560 | Slime:4  | Gained mutation: You occasionally shout uncontrollably at
                  | your foes. [a shining eye]
 67658 | Slime:5  | Noticed Dissolution
 67667 | Slime:5  | Paralysed by a floating eye for 2 turns
 67678 | Slime:4  | Killed Dissolution
 68577 | Elf:2    | Found Illump's Antique Weapon Shop.
 68598 | Elf:2    | Paralysed by an air elemental for 1 turns
 68919 | Elf:2    | Found a runed translucent gate.
 68920 | Elf:2    | Found a runed translucent gate.
 68920 | Elf:2    | Found a runed translucent gate.
 69661 | Elf:3    | Entered Level 3 of the Elven Halls
 69698 | Elf:3    | Found a gateway to a bazaar.
 69755 | Elf:3    | Found a frozen archway.
 69781 | Elf:3    | Reached skill level 24 in Unarmed Combat
 69826 | IceCv    | Entered an ice cave
 70033 | IceCv    | Got the Octavo of the Blizzard
 70179 | Bazaar   | Entered a bazaar
 70192 | Bazaar   | Found Hujauw's Book Boutique.
 70192 | Bazaar   | Found Xokumen's Armour Shop.
 70251 | Bazaar   | Found Piumazye's Book Boutique.
 70251 | Bazaar   | Found Jowkenit's Weapon Shop.
 70735 | Slime:5  | Noticed the Royal Jelly
 70810 | Slime:5  | Killed the Royal Jelly
 71507 | Slime:5  | Identified the ring "Waluvved" {Ice rN++ rCorr Str+2
                  | Stlth-}
 71560 | Slime:5  | Got a slimy rune of Zot
 71598 | Slime:5  | Got Pics's Quarto of Geometric Blasphemous Magic
 71607 | Slime:5  | Identified the +9 flail of Pigyedwy {vamp, rPois rC+}
 71633 | Slime:5  | Identified the +1 robe of Defence {Str+2}
 72353 | Zot:5    | Entered Level 5 of the Realm of Zot
 73507 | Zot:5    | Noticed an orb of fire
 73521 | Zot:5    | Killed an orb of fire
 73524 | Zot:5    | Noticed a Killer Klown
 73560 | Zot:5    | Noticed a juggernaut
 73560 | Zot:5    | a Killer Klown changed into a juggernaut
 73564 | Zot:5    | Killed a juggernaut
 73981 | Zot:5    | Noticed a Killer Klown
 73991 | Zot:5    | Killed a Killer Klown
 74021 | Zot:5    | Noticed an orb of fire
 74025 | Zot:5    | Reached XP level 27. HP: 142/245 MP: 33/33
 74029 | Zot:5    | Noticed an orb of fire
 74030 | Zot:5    | Killed an orb of fire
 74035 | Zot:5    | Noticed a dread lich
 75472 | Zot:5    | Noticed an ancient lich
 75494 | Zot:5    | Killed an ancient lich
 76101 | Zot:5    | Killed a dread lich
 76562 | Zot:5    | Noticed a dread lich
 76573 | Zot:5    | Killed a dread lich
 76601 | Zot:5    | Noticed an orb of fire
 76602 | Zot:5    | Gained mutation: You are dopey. (Int -2) [an orb of fire]
 76609 | Zot:5    | Killed an orb of fire
 76858 | Zot:5    | Noticed a dread lich
 76863 | Zot:5    | Killed a dread lich
 76881 | Zot:5    | Identified the +6 battleaxe "Rummage" {flame, Int+3 Stlth+}
 77115 | Zot:5    | Noticed an ancient lich
 77126 | Zot:5    | Killed an ancient lich
 77636 | Zot:5    | Killed an orb of fire
 77994 | Zot:5    | Noticed a dread lich
 77996 | Zot:5    | Gained mutation: Your magical capacity is very low. (-20%
                  | MP) [a cacodemon]
 78000 | Zot:5    | Gained mutation: Your spells are easier to cast, but less
                  | powerful. [a cacodemon]
 78002 | Zot:5    | Killed a dread lich
 79029 | Zot:5    | Lost mutation: Your magical capacity is very low. (-20% MP)
                  | [potion of mutation]
 79029 | Zot:5    | Lost mutation: You are dopey. (Int -2) [potion of mutation]
 79029 | Zot:5    | Gained mutation: You have a pair of small horns on your
                  | head. [potion of mutation]
 79029 | Zot:5    | Gained mutation: Your flesh is heat resistant. (rF+)
                  | [potion of mutation]
 79030 | Zot:5    | Lost mutation: You have a pair of small horns on your head.
                  | [potion of mutation]
 79030 | Zot:5    | Lost mutation: Your magical capacity is low. (-10% MP)
                  | [potion of mutation]
 79030 | Zot:5    | Gained mutation: You are very clumsy. (Dex -4) [potion of
                  | mutation]
 79031 | Zot:5    | Lost mutation: Your spells are easier to cast, but less
                  | powerful. [potion of mutation]
 79031 | Zot:5    | Lost mutation: You sometimes lose your temper in combat.
                  | [potion of mutation]
 79031 | Zot:5    | Lost mutation: Your spells are a little easier to cast, but
                  | a little less powerful. [potion of mutation]
 79031 | Zot:5    | Gained mutation: Your mind is acute. (Int +4, Str/Dex -1)
                  | [potion of mutation]
 79032 | Zot:5    | Lost mutation: You do not regenerate when monsters are
                  | visible. [potion of mutation]
 79032 | Zot:5    | Lost mutation: You can exhale a cloud of poison. [potion of
                  | mutation]
 79032 | Zot:5    | Lost mutation: Your mind is acute. (Int +4, Str/Dex -1)
                  | [potion of mutation]
 79032 | Zot:5    | Gained mutation: You can exhale a cloud of poison. [potion
                  | of mutation]
 79033 | Zot:5    | Lost mutation: Your flesh is heat resistant. (rF+) [potion
                  | of mutation]
 79033 | Zot:5    | Lost mutation: You can exhale a cloud of poison. [potion of
                  | mutation]
 79033 | Zot:5    | Gained mutation: Your spells are a little easier to cast,
                  | but a little less powerful. [potion of mutation]
 79285 | Depths:4 | Voluntarily entered the Abyss.
 79285 | Abyss:1  | Found a corrupted altar of Lugonu.
 79756 | Abyss:3  | Paralysed by accursed screaming for 1 turns
 79765 | Abyss:3  | Got an abyssal rune of Zot
 79780 | Depths:4 | Escaped the Abyss
 80218 | Zot:5    | Got the Orb of Zot
 80853 | D:$      | Escaped with the Orb!

Illustrated notes

Levels and vault maps discovered:
D:1:      lordsloth_arrival_two_stooges, layout_basic, grunt_decor_junction
D:2:      layout_basic, kennysheep_cluttered_room, mrwooster_statue_mirror,
          minmay_lizard_king
D:3:      layout_basic, serial_shops, shop, nicolae_shop_trees,
          nicolae_shop_crystal, shop, nicolae_shop_crystal,
          hellmonk_ecumenical_altar_the_god_not_taken
D:4:      cheibrodos_thug_alley, layout_loops_corners, roderic_lattice_a,
          minivault_5
D:5:      layout_rooms, gammafunk_temple_overflow_claw, grunt_ministairs_11,
          uniq_menkaure, uniq_sigmund, uniq_crazy_yiuf_cottage
D:6:      layout_cave_pools, ebering_ghost_reflecting_pool, uniq_blork_the_orc
D:7:      layout_layer_cave, temple_hall, serial_shops, shop
D:8:      layout_rooms, dk_noncrumbling_3,
          nicolae_concentric_dashed_squares_mild, lemuel_flamethrower_2,
          uniq_joseph
D:9:      layout_basic, dpeg_lair_monsters, kennysheep_generic_room_14
D:10:     minmay_the_grid_3x3 [minmay_the_grid_odd_star, minmay_the_grid_garden,
          minmay_the_grid_fan, minmay_the_grid_gridbox, minmay_the_grid_tree,
          minmay_the_grid_embedded, minmay_the_grid_plusring,
          minmay_the_grid_mess, minmay_the_grid_prize_inner_circle],
          layout_gridville, minmay_misc_feat_secret_circle
D:11:     layout_basic, ebering_ghost_xom, uniq_sonja
D:12:     layout_roguey, nicolae_benzene_ring, uniq_rupert
D:13:     layout_loops_cross, gauntlet_entry_generic
D:14:     layout_irregular_city, ximxim_vaults_locker_room,
          minmay_stone_trees_small
D:15:     gammafunk_depths_entry_grave, layout_gridville,
          chequers_serial_rivers_small_a, gammafunk_ghost_berserking_beasts
Lair:1:   layout_layer_cave, grunt_megastairs_5, uniq_maggie
Lair:2:   layout_misc_corridors, minmay_shoals_entry_lonely_mermaid, pond
Lair:3:   layout_loops_ring, nzn_ghost_randoct, dreamdust_gnoll_shepherd,
          lemuel_fruit_tree, uniq_gastronok
Lair:4:   layout_misc_corridors
Lair:5:   gammafunk_lair_ancient_temple, layout_misc_corridors,
          minmay_slime_entry_pillars, gammafunk_ghost_grave,
          serial_bayou_shore_a
Shoals:1: layout_shoals, nicolae_specific_store, nicolae_shoals_c_island
Shoals:2: layout_shoals, gammafunk_ghost_necromancy
Shoals:3: layout_shoals, nicolae_shop_clearance
Shoals:4: shoals_end_grunt_garden, layout_shoals
Snake:1:  layout_onion_interference, nicolae_snake_gridmaze_waves,
          serial_bayou_shore_b, grunt_megastairs_3
Snake:2:  layout_layer_cave, serial_shops, shop, st_stairs_9, grunt_megastairs_4
Snake:3:  nicolae_sea_snake_s, layout_onion, basic_altar, uniq_roxanne
Snake:4:  snake_pit_salamanders_mu, layout_rooms, drop_trap,
          serial_bayou_shore_b
Slime:1:  layout_caves
Slime:2:  layout_caves
Slime:3:  layout_caves
Slime:4:  layout_caves
Slime:5:  uniq_dissolution
Orc:1:    layout_diamond_mine, ebering_ghost_disaster_area, serial_shops,
          uniq_erica
Orc:2:    st_orc_congregation, layout_caves, serial_shops, nicolae_square_shop,
          uniq_maurice
Elf:1:    minmay_elf_arrival_plus, layout_loops_corners, special_room
          [special_room_mythical_zoo], orc_legates
Elf:2:    nicolae_elf_blades_crystal_corner, layout_onion_city, serial_shops,
          nicolae_shop_crystal, lemuel_upstairs_altar
Elf:3:    minmay_elf_hall, layout_geoelf_diagonals,
          portal_ice_cave_entry_ice_statue_two, serial_shops, statue_bzr,
          st_stairs_3, uniq_bai_suzhen
Vaults:1: serial_ice_b, nicolae_vaults_twisting_passages, v_misc_4,
          nicolae_vaults_little_squares_4, grunt_vaults_hallway_short,
          vaults_room_door_ring, vaults_mumra_minichess_inversion,
          nicolae_vaults_three_branches, nicolae_vaults_asterisk,
          layout_vaults_big_room, trove_entry_hex_spiral
Vaults:2: nicolae_vaults_network_barrier, hangedman_vaults_trim, v_misc_24,
          nicolae_vaults_windows_and_doors_thing, vaults_dpeg_emergency_exit,
          grunt_vaults_focal, ontoclasm_vaults_ligature, hangedman_vaults_snaps,
          layout_vaults_omnigrid
Vaults:3: hangedman_vaults_stagger, minmay_crypt_entry_skeletal_spiral,
          v_misc_8, v_rooms_5, vaults_room_pools, st_cells,
          nicolae_vaults_little_ls, ontoclasm_vaults_pinch, v_pattern_3,
          ontoclasm_vaults_decontamination, nicolae_vaults_diagonal_hallway_9,
          nicolae_vaults_what_the_h, layout_vaults_maze
Vaults:4: vaults_room_pools, v_alt_pattern_2, nicolae_vaults_asterisk,
          v_misc_28, vaults_mumra_hexcomb, v_misc_24, vaults_dpeg_cross,
          v_misc_33, v_misc_25, hangedman_vaults_trim,
          nicolae_vaults_yaktaur_gun_rack, layout_vaults_ring, uniq_saint_roka
Vaults:5
Depths:1: layout_cave_shapes, pf_coc_iceberg, nicolae_wwwww,
          kennysheep_cross_room, nicolae_sif_muna_condensation
Depths:2: kennysheep_scales, layout_honeycomb, rand_demon_pan_entry_3,
          hell_entry, hellmonk_ghost_big_iron, infiniplex_staircase_pool_1
Depths:3: kennysheep_treasure_stockpile, layout_gridlike, enter_ziggurat_d,
          gammafunk_ghost_smash, serial_shops, kennysheep_mini_moat,
          minmay_door_square, grunt_pan_entry_zigzag, hell_entry,
          marbit_kobold_abyss_entry, hangedman_cracks_in_the_wall,
          infiniplex_staircase_hallway_doors
Depths:4: evilmike_zot_entry_hall, layout_gridlike, hangedman_glass_teeth,
          hangedman_abyss_entry_splay, serial_shops,
          nicolae_shop_overgrown_old_shop, pf_hell_entry_tar_spiral,
          infiniplex_staircase_pool_lava, serial_bayou_shore_b
Zot:1:    layout_onion, hangedman_zot_wheel_spokes, zot_minivault_3
Zot:2:    layout_gridlike
Zot:3:    layout_gridlike, drop_trap, nzn_random_ring, uniq_vv
Zot:4:    layout_twisted_circle, grunt_megastairs_1
Zot:5:    layout_twisted_circle, skrybe_zot_glass_2

Skill      XL: |  1  2  3  4  5  6  7  8  9 10 11 12 13 14 15 16 17 18 19 20 21 22 23 24 25 26 27 |
---------------+----------------------------------------------------------------------------------+-----
Shields        | 3 4 5 6 7 8 9 10 11 12 13 14 15 16 18 19 20 21 22 23 | 23.2
Armour         | 3 4 5 6 7 8 9 10 11 12 13 14 15 16 17 18 | 18.7
Fighting       | 4 5 6 7 8 9 10 11 12 13 14 15 16 17 18 19 20 21 | 21.9
Unarmed Combat | 3 4 5 6 7 9 10 11 12 13 15 16 17 18 19 20 21 22 23 24 | 24.7
Invocations    | 3 4 6 8 9 10 12 13 14 15 16 17 18 19 20 | 20.0
Dodging        | 2 4 5 8 10 12 13 14 | 14.5

Action                   |  1- 3 |  4- 6 |  7- 9 | 10-12 | 13-15 | 16-18 | 19-21 | 22-24 | 25-27 || total
-------------------------+-------+-------+-------+-------+-------+-------+-------+-------+-------++-------
Melee: Unarmed           |   166 |   173 |   518 |   602 |   848 |   901 |  1175 |  1147 |  1498 ||  7028
       Scimitar          |       |       |       |     9 |    18 |       |       |       |       ||    27
       Constrict         |       |       |       |       |   196 |   261 |   235 |   204 |   188 ||  1084
Invok: Bend Time         |       |       |       |     1 |       |       |     1 |       |       ||     2
       Temporal Distorti |       |       |       |     1 |       |       |       |       |     2 ||     3
       Slouch            |       |       |       |     2 |    14 |    15 |    17 |    22 |    20 ||    90
       Step From Time    |       |       |       |       |       |       |     1 |     1 |     2 ||     4
 Abil: Spit Poison       |     3 |    20 |    27 |    19 |     2 |     2 |       |       |       ||    73
       Breathe Poison Ga |       |       |       |       |       |       |       |       |     1 ||     1
Evoke: Wand              |       |     4 |     6 |    10 |    10 |     8 |     2 |     2 |     9 ||    51
       Condenser vane    |       |       |       |       |       |       |       |     2 |       ||     2
  Use: Scroll            |       |     7 |     8 |     7 |    11 |     9 |     2 |    12 |    14 ||    70
       Potion            |       |     1 |     6 |       |       |     2 |       |     3 |    16 ||    28
 Stab: Paralysed         |       |       |       |    10 |       |       |       |       |       ||    10
       Petrified         |       |       |       |       |     2 |       |       |     3 |       ||     5
       Distracted        |       |       |       |       |       |       |     1 |     1 |     1 ||     3
       Confused          |       |       |       |       |       |       |       |     3 |       ||     3
Armor: Scale mail        |    62 |       |       |       |       |       |       |       |       ||    62
       Chain mail        |    13 |    60 |       |       |       |       |       |       |       ||    73
       Skin              |       |     5 |       |       |       |       |       |       |       ||     5
       Plate armour      |       |    21 |   282 |   272 |   543 |   488 |   615 |   441 |       ||  2662
       Gold dragon scale |       |       |       |       |       |       |       |   266 |   701 ||   967
Dodge: Dodged            |    48 |    38 |   188 |   201 |   202 |   201 |   251 |   320 |   418 ||  1867
Block: Buckler           |    26 |    51 |   351 |   382 |   344 |       |       |       |       ||  1154
       Reflection        |       |       |     2 |    13 |    85 |   259 |   150 |    42 |    68 ||   619
       Tower shield      |       |       |       |       |   637 |  1510 |  1719 |  1603 |  1777 ||  7246
